 Dungeon Crawl Stone Soup version 0.19.5 (console) character file.

742 CALLOUS the Covered (level 7, -1/61 HPs)
             Began as a Minotaur Hunter on May 11, 2017.
             Was an Initiate of Trog.
             Killed by divine providence
             ... invoked by an orc priest
              (14 damage)
             ... on level 5 of the Dungeon.
             The game lasted 01:20:23 (5188 turns).

CALLOUS the Covered (Minotaur Hunter)               Turns: 5188, Time: 01:20:24

Health: -1/61      AC:  8    Str: 19    XL:     7   Next: 47%
Magic:  6/6        EV: 11    Int:  8    God:    Trog [......]
Gold:   244        SH:  9    Dex: 10    Spells: 0 memorised, 6 levels left

rFire  . . .     SeeInvis .     b - +4 spear (pain)
rCold  . . .     Gourm    .     J - +2 leather armour {MR+}
rNeg   . . .     Faith    .     y - +0 shield
rPois  .         Spirit   .     (helmet restricted)
rElec  .         Reflect  .     n - +0 cloak (curse)
rCorr  .         Harm     .     (no gloves)
MR     +....                    K - +0 pair of boots
Stlth  +.........               (no amulet)
                                (no ring)
                                (no ring)

@: no status effects
A: retaliatory headbutt, horns 2
a: Burn Spellbooks, Renounce Religion


You were on level 5 of the Dungeon.
You worshipped Trog.
Trog was noncommittal.
You were not hungry.

You visited 2 branches of the dungeon, and saw 8 of its levels.

You collected 244 gold pieces.

Inventory:

Hand Weapons
 a - a +1 short sword of draining
 b - a +4 spear of pain (weapon)
 o - a +2 short sword of distortion
 t - a +1 spear of piercing
 D - a +0 spear of distortion
 E - a +0 hunting sling
Missiles
 c - 3 javelins (quivered)
 d - 3 throwing nets
 h - 52 poisoned needles
 j - 62 stones
 q - 56 arrows
Armour
 n - a cursed +0 cloak (worn)
 y - a +0 shield (worn)
 J - a +2 leather armour of magic resistance (worn)
 K - a +0 pair of boots (worn)
 O - a +1 robe of magic resistance
 T - a +1 cloak
Jewellery
 r - a +2 ring of intelligence {unknown}
 G - an uncursed amulet of harm {unknown}
 H - an uncursed amulet of faith {unknown}
 I - a cursed ring of teleportation {unknown}
Scrolls
 g - 2 scrolls of recharging {unknown}
 l - a scroll of magic mapping {unknown}
 m - 7 scrolls of remove curse {unknown}
 p - 4 scrolls of identify {unknown}
 w - a scroll of fog {unknown}
 z - a scroll of fear {unknown}
 A - a scroll of teleportation {unknown}
 M - a scroll of blinking {unknown}
 N - a scroll of amnesia {unknown}
 U - 2 scrolls of noise {unknown}
Potions
 u - 4 potions of curing
 C - a potion of flight
 L - 2 potions of cancellation
 P - a potion of agility
Books
 S - a book of Misfortune

   Spells                             Type                      Level
   a - Confusing Touch                Hexes                        1
   b - Confuse                        Hexes                        3
   c - Gell's Gravitas                Hexes/Translocation          3
   d - Petrify                        Transmutation/Earth          4
   e - Metabolic Englaciation         Hexes/Ice                    5
   f - Yara's Violent Unravelling     Hexes/Transmutation          5
   Trog disapproves of the use of such an item.
Comestibles
 f - 6 bread rations
 B - 2 meat rations
 R - a fruit
 V - 2 chunks of flesh


   Skills:
 * Level 5.4 Fighting
 - Level 4.0 Throwing
 * Level 6.1 Armour
 + Level 4.2 Dodging
 - Level 0.7 Stealth
 * Level 4.0 Shields


You had 6 spell levels left.
You didn't know any spells.

Dungeon Overview and Level Annotations

Branches:
Dungeon (7/15)             Temple (1/1) D:6

Altars:
Fedhas
Makhleb
Nemelex Xobeh
Okawaru
Qazlal
Ru
Trog
Vehumet
Xom
Yredelemnul
The Shining One

Annotations:
D:1 1 exclusion
D:2 1 exclusion
D:3 exclusion: 2 adders, CALLOUS's ghost, amateur MfAr
D:4 Grinder; Menkaure
D:5 exclusion: scorpion
D:6 exclusions: ice beast and worker ant


Innate Abilities, Weirdness & Mutations

You reflexively headbutt those who attack you in melee.
You have a pair of horns on your head.


Message History

Beogh smites you!
You completely miss the orc priest. Your headbutt misses the orc priest.
The orc priest is heavily wounded.
The orc priest calls down the wrath of Beogh upon you.
Beogh smites you!
* * * LOW HITPOINT WARNING * * *
Press: ? - help, v - describe, . - travel, g - get item
Here: an orc priest A flail.
There is something else lying underneath.
The floor.
Press: ? - help, v - describe, . - travel, g - get item
Here: an orc priest, wielding a hand axe and wearing a chain mail (heavily wounded)
A leather armour.
There is something else lying underneath.
The floor, spattered with blood.
Unknown command.
The orc priest calls down the wrath of Beogh upon you.
Beogh smites you!
You die...

##..........#
##...........# #
##............#
##.######..#.........# .
.<............<.....# ..
###. #..#....>........#
#.#...##(...............#
##....o..)o##.##.........#
#.((...#.#o##.###.......##
.((...#.(#.##.# ##.....##
#.....(..@..# #....##
#...###.#.### #....# #.o.
#....# #...?# #..# .....##
...### ...# ....... #.#
##. ....##... .. .##.
##..# .. # #.. #. .. ..


You could see 2 orc priests.

Vanquished Creatures
  A hornet zombie (D:6)
  A black bear (D:6)
  A bullfrog (D:6)
  A howler monkey (D:6)
  A jelly (D:6)
  4 orc wizards
  A bullfrog skeleton (D:6)
  Natasha (twice) (D:3)
  A worker ant (D:4)
  4 gnolls
  7 adders
  2 shadow imps
  2 adder skeletons
  2 worms
  A leopard gecko (D:1)
  13 orcs
  2 ball pythons
  3 giant cockroaches
  7 goblins
  7 hobgoblins
  2 jackals (D:2)
  9 kobolds
  4 quokkas
  13 bats
  4 frilled lizards
  A leopard gecko skeleton (D:6)
  4 rats
100 creatures vanquished.

Vanquished Creatures (others)
  2 plants (D:4)
2 creatures vanquished.

Grand Total: 102 creatures vanquished

Notes
Turn   | Place    | Note
-------+----------+-------------------------------------------
     0 | D:1      | CALLOUS the Minotaur Hunter began the quest for the Orb.
     0 | D:1      | Reached XP level 1. HP: 18/18 MP: 0/0
   144 | D:1      | Reached XP level 2. HP: 20/25 MP: 1/1
   490 | D:1      | Reached skill level 1 in Armour
   912 | D:2      | Reached XP level 3. HP: 31/31 MP: 2/2
  1273 | D:4      | Noticed Grinder
  1315 | D:3      | Reached skill level 2 in Armour
  1449 | D:4      | Noticed Menkaure
  1718 | D:3      | Noticed Natasha
  1729 | D:3      | Killed Natasha
  1729 | D:3      | Reached XP level 4. HP: 21/40 MP: 3/3
  1855 | D:3      | Noticed CALLOUS's ghost (amateur MfAr)
  2480 | D:2      | Reached skill level 3 in Armour
  2487 | D:2      | Reached XP level 5. HP: 46/46 MP: 4/4
  2853 | D:3      | Noticed Natasha
  2857 | D:3      | Killed Natasha
  2857 | D:3      | Reached skill level 4 in Armour
  3110 | D:5      | Entered Level 5 of the Dungeon
  3116 | D:4      | Reached skill level 1 in Shields
  3498 | D:4      | Reached XP level 6. HP: 53/53 MP: 5/5
  3680 | D:6      | Reached skill level 5 in Fighting
  3680 | D:6      | Reached skill level 5 in Armour
  3773 | D:6      | Noticed an ice beast
  3951 | D:6      | Found a blossoming altar of Fedhas.
  3951 | D:6      | Found a stormy altar of Qazlal.
  4086 | D:6      | Found a staircase to the Ecumenical Temple.
  4089 | D:6      | Reached XP level 7. HP: 61/61 MP: 6/6
  4150 | Temple   | Entered the Ecumenical Temple
  4221 | Temple   | Became a worshipper of Trog the Wrathful
  4975 | D:6      | Reached skill level 6 in Armour
  5188 | D:5      | Killed from afar by an orc priest

Skill      XL: |  1  2  3  4  5  6  7 |
---------------+----------------------+-----
Armour         | 1 2 3 4 5 6 |  6.1
Fighting       | 3 4 5 |  5.4
Dodging        | 3 4 |  4.2
Shields        | 1 2 4 |  4.0
Throwing       | |  4.0
Stealth        | |  0.7

Action                   |  1- 3 |  4- 6 |  7- 9 || total
-------------------------+-------+-------+-------++-------
Melee: Short sword       |    47 |   119 |     5 ||   171
       Headbutt          |     6 |    10 |     4 ||    20
       Spear             |       |       |    52 ||    52
Throw: Javelin           |    10 |    36 |     7 ||    53
       Stone             |    77 |    98 |    28 ||   203
  Use: Potion            |     4 |     3 |       ||     7
  Eat: Chunk             |     2 |     8 |     4 ||    14
Armor: Leather armour    |     6 |    42 |     8 ||    56
Dodge: Dodged            |    28 |    43 |    14 ||    85
Block: Shield            |       |    43 |    33 ||    76
